AoeStats
← Your Doom

Arabia

507878503Analyzed
4v4 RM · 12d ago on Sep 20, 2026· 35m 17s· 8 players
Game mode
Random Map
Map size
Large (8 player)
Population
200
Speed
Normal
Resources
Standard
Victory
Conquest
Starting age
Dark Age
Ending age
Imperial Age
RankedLock teamsTeams togetherTeam positionsShared explorationLock speedFull tech treeHidden civsTurbo modeCheats
Victory
Defeat
🇨🇴 Romans · Colombia
1053
+10
🇨🇴 Georgians · Colombia
1038
+10
🇨🇴 Portuguese · Colombia
1036
+10
🇨🇴 Vietnamese · Colombia
1032
+10
🇨🇳 Mongols · China
960
-12
🇫🇷 Khmer · France
901
-10
🇨🇦 Portuguese · Canada
878
-9
🇵🇹 Portuguese · Portugal
872
-9
francis le tueur
10:54 Feudal Age
12:13 Double-Bit Axe
12:49 Bloodlines
13:58 Horse Collar
16:39 Gold Mining
23:23 Castle Age
22:44 Wheelbarrow
24:41 Bow Saw
24:33 Heavy Plow
25:10 Gold Shaft Mining
25:19 Hand Cart
25:25 Husbandry
27:12 Town Watch
29:42 Stone Mining
31:48 Stone Shaft Mining
Your Doom
14:34 Feudal Age
12:58 Loom
13:04 Loom
21:31 Castle Age
28:04 Double-Bit Axe
28:07 Horse Collar
29:48 Bow Saw
31:45 Fervor
34:10 Imperial Age
32:39 Wheelbarrow
32:18 Treadmill Crane
32:58 Gold Mining
33:00 Stone Mining
35:12 Fletching
Mika_168
10:37 Feudal Age
10:46 Feudal Age
12:49 Double-Bit Axe
17:40 Wheelbarrow
18:30 Loom
25:47 Castle Age
25:30 Horse Collar
30:42 Fletching
31:26 Bodkin Arrow
35:54 Ballistics
Jewish Conspirator
11:44 Feudal Age
13:49 Wheelbarrow
13:02 Double-Bit Axe
13:12 Gold Mining
14:11 Horse Collar
20:32 Castle Age
20:24 Man-at-Arms
22:17 Scale Mail Armor
28:08 Chain Mail Armor
33:47 Long Swordsman
Mauricio5555
6:44 Loom
10:58 Feudal Age
21:20 Castle Age
21:21 Padded Archer Armor
21:28 Scale Barding Armor
21:40 Crossbowman
22:22 Fletching
24:52 Forging
29:41 Leather Archer Armor
31:17 Double-Bit Axe
31:25 Gold Mining
31:18 Horse Collar
33:00 Ballistics
rmcruzv
6:35 Loom
9:52 Feudal Age
10:19 Double-Bit Axe
10:18 Horse Collar
13:38 Town Watch
18:27 Fletching
20:46 Padded Archer Armor
25:32 Castle Age
25:04 Wheelbarrow
26:03 Elite Skirmisher
26:52 Thumb Ring
26:07 Crossbowman
27:12 Bow Saw
28:09 Town Patrol
28:45 Hand Cart
29:09 Pikeman
29:49 Squires
B4rTTo
6:11 Loom
9:11 Feudal Age
13:47 Bloodlines
14:03 Scale Barding Armor
15:34 Double-Bit Axe
15:31 Horse Collar
20:38 Castle Age
22:55 Husbandry
23:54 Forging
28:46 Wheelbarrow
27:56 Town Watch
28:22 Pikeman
36:23 Iron Casting
36:08 Chain Barding Armor
ojkarq87
2:40 Loom
9:50 Feudal Age
13:35 Horse Collar
14:41 Double-Bit Axe
19:15 Castle Age
17:26 Stone Mining
17:27 Gold Mining
21:00 Bloodlines
20:50 Husbandry
21:22 Scale Barding Armor
23:15 Forging
23:26 Chain Barding Armor
24:52 Wheelbarrow
25:51 Iron Casting
38:00 Imperial Age
Connection lost

Rejoining the realm…

Still unreachable

The connection could not be restored.

Session expired

The server has moved on; the page needs a fresh start.